 Dungeon Crawl Stone Soup version 0.25.1-2-g60ff931df9 (webtiles) character file.

Game seed: 15645289766398458909

465 DearestLeader the Agent of Entropy (level 6, 0/47 HPs)
             Began as a Demonspawn Abyssal Knight on Sept 28, 2020.
             Was a Priest of Lugonu.
             Succumbed to a worker ant's poison
             ... on level 4 of the Dungeon.
             The game lasted 00:09:13 (5699 turns).

DearestLeader the Agent of Entropy (DsAK)           Turns: 5699, Time: 00:09:13

Health: 0/47       AC: 13    Str: 15    XL:     6   Next: 80%
Magic:  8/9        EV:  0    Int: 13    God:    Lugonu [***...]
Gold:   199        SH:  0    Dex: 12    Spells: 5/5 levels left

rFire    + . .     SeeInvis .   h - +0 war axe
rCold    . . .     Gourm    .   (no shield)
rNeg     . . .     Faith    .   e - +0 plate armour
rPois    .         Spirit   +   (no helmet)
rElec    .         Reflect  .   (no cloak)
rCorr    .         Harm     .   g - +0 pair of gloves (curse)
MR       .....                  k - +0 pair of boots
Stlth    ..........             d - amulet of guardian spirit
HPRegen  0.15/turn              l - -4 ring of evasion (curse)
MPRegen  0.11/turn              (no ring)

@: lethally poisoned (0 -> -4)
A: fire resistance 1, powered by death 1, flame cloud immunity
a: Depart the Abyss, Bend Space, Banish, Renounce Religion


You were on level 4 of the Dungeon.
You worshipped Lugonu.
Lugonu was most pleased with you.
You were not hungry.

You visited 1 branch of the dungeon, and saw 5 of its levels.
You visited the Abyss 1 time.

You collected 199 gold pieces.

Inventory:

Hand Weapons
 a - a +1 hand axe
 h - a +0 war axe (weapon)
Armour
 b - a +0 leather armour
 e - a +0 plate armour (worn)
 g - a cursed +0 pair of gloves (worn)
 k - a +0 pair of boots (worn)
Magical Staves
 o - an uncursed staff of fire {unknown}
Jewellery
 d - an amulet of guardian spirit (around neck)
 l - a cursed -4 ring of evasion (left hand)
Wands
 n - a wand of flame (25)
Scrolls
 i - 2 scrolls of teleportation
 m - 2 scrolls of identify
 p - a scroll of magic mapping
 q - a scroll of enchant armour
 r - a scroll of blinking
Potions
 f - a potion of stabbing
 j - 2 potions of magic
Comestibles
 c - 6 rations


   Skills:
 - Level 3.0 Fighting
 * Level 4.9 Axes
 + Level 3.6 Armour
 - Level 0.8 Dodging
 + Level 5.1 Invocations


You had 5 spell levels left.
You didn't know any spells.
Your spell library contained the following spells:

 Spells                   Type           Power        Failure   Level  Hunger
 Animate Skeleton         Necr           N/A          100%        1    ##.....
 Apportation              Tloc           #.....       100%        1    ##.....
 Corona                   Hex            #......      100%        1    ##.....
 Summon Small Mammal      Summ           #...         100%        1    ##.....


Dungeon Overview and Level Annotations

Branches:
Dungeon (5/15)             Temple (0/1) D:4

Altars:
Dithmenos
Makhleb
Nemelex Xobeh
Sif Muna
Zin

Annotations:
D:5 Edmund


Innate Abilities, Weirdness & Mutations

Your flesh is heat resistant. (rF+)
You regenerate a little health from kills.
You are immune to clouds of flame.


Message History

* * * LOW HITPOINT WARNING * * *
You feel sick.
* * * LOW HITPOINT WARNING * * *
You feel sick.
* * * LOW HITPOINT WARNING * * *
You feel sick.
* * * LOW HITPOINT WARNING * * *
You feel sick.
* * * LOW HITPOINT WARNING * * *
You feel sick.
* * * LOW HITPOINT WARNING * * *
You feel sick.
* * * LOW HITPOINT WARNING * * *
You feel sick.
There is a lethal amount of poison in your body!
* * * LOW HITPOINT WARNING * * *
You feel sick.
* * * LOW HITPOINT WARNING * * *
You feel sick.
You die...

'###.# #...####.....#.....##..#
_'...###...######........##...#
####..##........###.....###...#
## #..##........##........###.#
####..##.......##.....#.....###
......##......##.....####.....###
....#..#......#.....## ###....<#
.#####.#..#.....[....# ####### .#
#.#..#.....@)...# #.# .#
#....#......)...# #.# ##
##...########'### #.## #...# #.#
#..# ### #...# #.# ##.# ..#
#...##### #.# #.# #.# ##......#
#.# ##.# #>######..###.####.####
#... ............#........(# #.⌠.


There were no monsters in sight!

Vanquished Creatures
  An ogre (D:4)
  2 hounds (D:4)
  2 orc priests
  3 worker ants (D:4)
  3 adders
  4 gnolls (D:3)
  An ooze (D:3)
  8 worms
  3 dart slugs
  2 leopard geckos
  7 orcs
  2 ball pythons
  10 bats
  12 goblins
  3 hobgoblins
  12 jackals
  8 kobolds
  8 frilled lizards
  10 rats
101 creatures vanquished.

Notes
Turn   | Place    | Note
-------+----------+-------------------------------------------
     0 | Abyss:1  | DearestLeader the Demonspawn Abyssal Knight began the quest
                  | for the Orb.
     0 | Abyss:1  | Reached XP level 1. HP: 18/18 MP: 2/2
    51 | Abyss:1  | Noticed a large abomination
    55 | D:1      | Escaped the Abyss
    68 | D:1      | Noticed a human
    71 | D:1      | Noticed a minotaur skeleton
    73 | D:1      | Noticed an octopode
    78 | D:1      | Noticed a merfolk zombie
    84 | D:1      | Noticed a minotaur
    86 | D:1      | Noticed a naga
   134 | D:1      | Reached * piety under Lugonu
   335 | D:1      | Gained mutation: Your flesh is heat resistant. (rF+)
                  | [demonic ancestry]
   335 | D:1      | Reached XP level 2. HP: 23/24 MP: 4/4
   660 | D:1      | Reached skill level 3 in Invocations
   906 | D:1      | Reached XP level 3. HP: 29/29 MP: 5/5
  1411 | D:3      | Reached ** piety under Lugonu
  1787 | D:3      | Found a burning altar of Makhleb.
  1834 | D:3      | Gained mutation: You are immune to clouds of flame.
                  | [demonic ancestry]
  1834 | D:3      | Reached XP level 4. HP: 19/35 MP: 3/6
  2744 | D:2      | Found a sparkling altar of Nemelex Xobeh.
  2782 | D:2      | Reached XP level 5. HP: 14/41 MP: 2/7
  3067 | D:2      | Reached skill level 4 in Invocations
  3766 | D:2      | Found a shimmering blue altar of Sif Muna.
  3984 | D:4      | Found a glowing silver altar of Zin.
  4257 | D:4      | Reached *** piety under Lugonu
  4827 | D:4      | Gained mutation: You regenerate a little health from kills.
                  | [demonic ancestry]
  4827 | D:4      | Reached XP level 6. HP: 44/47 MP: 9/9
  4944 | D:4      | Found a shadowy altar of Dithmenos.
  5316 | D:4      | Reached skill level 5 in Invocations
  5446 | D:4      | Found a staircase to the Ecumenical Temple.
  5641 | D:5      | Entered Level 5 of the Dungeon
  5649 | D:5      | Noticed Edmund
  5696 | D:4      | HP: 2/47 [poisoned by a worker ant]
  5699 | D:4      | Succumbed to a worker ant's poison

Illustrated notes

Levels and vault maps discovered:
D:1:      shiori_arrival_whats_in_store_for_you, layout_basic, minmay_circled_x
D:2:      layout_basic, led_sif_pool, nemelex_xobeh_ov_fountains_minmay
D:3:      layout_basic, lemuel_crystal_altar, lemuel_another_geyser
D:4:      layout_basic, grunt_dithmenos_smoke_and_mirrors, lemuel_doored_altar,
          minmay_temple_entry_antechambers, grunt_ministairs_9,
          minmay_crossroads
D:5:      layout_gridville, first_ration, bloody_trog, uniq_edmund

Skill      XL: |  1  2  3  4  5  6 |
---------------+-------------------+-----
Axes           | 2 3 4 |  4.9
Armour         | 2 3 |  3.6
Invocations    | 3 4 5 |  5.1
Fighting       | |  3.0
Dodging        | |  0.8

Action                   |  1- 3 |  4- 6 || total
-------------------------+-------+-------++-------
Melee: Hand axe          |   185 |   225 ||   410
       War axe           |       |    38 ||    38
Invok: Depart the Abyss  |     1 |       ||     1
       Bend Space        |       |     1 ||     1
Evoke: Wand              |       |     4 ||     4
  Use: Scroll            |     3 |     5 ||     8
       Potion            |       |     1 ||     1
 Stab: Invisible         |       |     1 ||     1
  Eat: Chunk             |     3 |     8 ||    11
       Ration            |       |     2 ||     2
Armor: Plate armour      |   187 |   244 ||   431
Dodge: Dodged            |    40 |     8 ||    48
